 Dungeon Crawl Stone Soup version 0.24.0-13-gcf9b319 (webtiles) character file.

Game seed: 10883563624447635438, levelgen mode: deterministic

571 PzykoPath the Chopper (level 7, -9/60 HPs)
             Began as a White Draconian Berserker on Jan 8, 2020.
             Was an Elder of Trog.
             Mangled by an iguana (10 damage)
             ... on level 6 of the Dungeon on Jan 9, 2020.
             The game lasted 00:39:25 (4594 turns).

PzykoPath the Chopper (White Draconian Berserker)   Turns: 4594, Time: 00:39:26

Health: -9/60      AC:  9    Str: 24    XL:     7   Next: 12%
Magic:  7/7        EV: 10    Int:  8    God:    Trog [****..]
Gold:   205        SH:  8    Dex: 11    Spells: 6/6 levels left

rFire    . . .     SeeInvis .   a - +0 hand axe
rCold    + . .     Gourm    .   o - +0 shield
rNeg     . . .     Faith    .   (armour unavailable)
rPois    .         Spirit   .   (helmet restricted)
rElec    .         Reflect  .   l - +0 cloak
rCorr    .         Harm     .   g - +0 pair of gloves
MR       .....                  r - +0 pair of boots
Stlth    +.........             (no amulet)
HPRegen  0.20/turn              f - ring of flight
MPRegen  0.10/turn              u - +4 ring of strength

@: lightly drained
A: breathe frost, unfitting armour, cold resistance 1, cold-blooded, AC +6
a: Breathe Frost, Berserk, Trog's Hand, Brothers in Arms, Renounce Religion,
Evoke Flight


You were on level 6 of the Dungeon.
You worshipped Trog.
Trog was greatly pleased with you.
You were not hungry.

You visited 1 branch of the dungeon, and saw 5 of its levels.

You collected 205 gold pieces.

Inventory:

Hand Weapons
 a - a +0 hand axe (weapon)
 m - a +2 scythe of pain
Missiles
 n - 2 throwing nets (quivered)
 s - 26 poisoned darts
Armour
 g - a +0 pair of gloves (worn)
 l - a +0 cloak (worn)
 o - a +0 shield (worn)
 r - a +0 pair of boots (worn)
Jewellery
 f - a ring of flight (left hand)
 u - a +4 ring of strength (right hand)
 A - a +4 ring of strength
Scrolls
 c - a scroll of immolation {unknown}
 i - a scroll of blinking {unknown}
 k - a scroll of amnesia
 p - a scroll of remove curse
 v - a scroll of magic mapping {unknown}
 y - a scroll of enchant armour {unknown}
 B - a scroll of fear {unknown}
Potions
 d - a potion of mutation
 e - 3 potions of curing
 h - 2 potions of brilliance {unknown}
 j - a potion of degeneration {unknown}
 q - a potion of lignification {unknown}
 w - a potion of flight {unknown}
 x - 2 potions of agility
Comestibles
 b - 17 rations
 z - 4 chunks of flesh


   Skills:
 + Level 4.9(4.5) Fighting
 + Level 6.0(5.6) Axes
 + Level 0.2(3.3) Polearms
 + Level 4.0(3.7) Dodging
 + Level 1.2(0.9) Stealth
 + Level 1.9(1.5) Shields


You had 6 spell levels left.
You didn't know any spells.
Your spell library was empty.

Dungeon Overview and Level Annotations

Branches:
Dungeon (4/15)
 Temple: D:4-7

Altars:
Cheibriados
Makhleb
Nemelex Xobeh
Vehumet
Zin

Shops:
D:2 *

Annotations:
D:4 1 transporter, Merovech's ghost, novice HuBe


Innate Abilities, Weirdness & Mutations

You can breathe waves of freezing cold.
You can buffet flying creatures when you breathe cold.
Your icy white scales are hard. (AC +6)
You cannot fit into any form of body armour.
Your flesh is cold resistant. (rC+)
You are cold-blooded and may be slowed by cold attacks.


Message History

You hit the iguana but do no damage. You hit the crimson imp.
The giant cockroach bites you.
* * * LOW HITPOINT WARNING * * *
You block the crimson imp's attack. The iguana bites you!
* * * LOW HITPOINT WARNING * * *
You block the giant cockroach's attack.
Unknown command.
Unknown command.
You closely miss the giant cockroach.
The giant cockroach is heavily wounded.
You closely miss the iguana.
Your shield prevents you from hitting the crimson imp.
The crimson imp blinks!
The iguana bites you.
* * * LOW HITPOINT WARNING * * *
The giant cockroach closely misses you.
You hit the giant cockroach.
You kill the giant cockroach!
Trog accepts your kill.
You can now call in reinforcements.
You hit the iguana but do no damage. The iguana bites you!
You die...

#... ... .... ...##
..... ....##
#....#####....#
........##....# ##
......$.##....# ...
#.......l.....#....
........)@.5.......
.................#
....^..#..#...##.#
.#.................
#.#.......>#..#..>
.. ##.###...#......
# ... ##.........
#... .......... .#
.........#


You could see an iguana and a crimson imp.

Vanquished Creatures
  Sigmund (D:2)
  An ogre (D:6)
  A howler monkey (D:3)
  Terence (D:2)
  An orc wizard (D:3)
  A hound skeleton (D:4)
  Robin (D:3)
  3 gnolls (D:3)
  7 adders (D:3)
  4 dart slugs
  6 leopard geckos
  5 orcs (D:3)
  4 giant cockroaches
  21 goblins
  18 hobgoblins
  6 jackals
  A quokka (D:3)
  7 bats
  3 frilled lizards
  14 kobolds
  12 rats
118 creatures vanquished.

Notes
Turn   | Place    | Note
-------+----------+-------------------------------------------
     0 | D:1      | PzykoPath the Draconian Berserker began the quest for the
                  | Orb.
     0 | D:1      | Reached XP level 1. HP: 19/19 MP: 1/1
    53 | D:1      | Reached XP level 2. HP: 4/26 MP: 2/2
   923 | D:1      | Reached ** piety under Trog
   923 | D:1      | Reached XP level 3. HP: 33/33 MP: 3/3
  1619 | D:2      | Noticed Sigmund
  1631 | D:2      | Killed Sigmund
  1631 | D:2      | Reached skill level 4 in Axes
  1631 | D:2      | Reached XP level 4. HP: 21/41 MP: 4/4
  1631 | D:2      | Reached XP level 5. HP: 24/47 MP: 5/5
  1668 | D:2      | Reached skill level 1 in Stealth
  1919 | D:2      | Found Zin's Purification Station.
  1928 | D:2      | Found a glowing silver altar of Zin.
  1938 | D:2      | Noticed Terence
  1953 | D:2      | Killed Terence
  1953 | D:2      | Reached skill level 5 in Axes
  2046 | D:2      | Found a burning altar of Makhleb.
  2047 | D:2      | Found a radiant altar of Vehumet.
  3068 | D:3      | Reached XP level 6. HP: 53/53 MP: 6/6
  3115 | D:3      | Reached *** piety under Trog
  3170 | D:3      | Reached skill level 1 in Shields
  3192 | D:3      | Found a sparkling altar of Nemelex Xobeh.
  3589 | D:3      | Noticed Robin
  3605 | D:3      | Killed Robin
  4093 | D:3      | Found a snail-covered altar of Cheibriados.
  4515 | D:4      | Found a transporter.
  4515 | D:4      | Noticed Merovech's ghost (novice HuBe)
  4565 | D:4      | Found a transporter.
  4565 | D:4      | You fall into a shaft and drop 2 floors!
  4591 | D:6      | Reached skill level 6 in Axes
  4591 | D:6      | Your scales start taking on an icy white colour.
  4591 | D:6      | Reached XP level 7. HP: 18/60 MP: 7/7
  4591 | D:6      | Gained mutation: Your flesh is cold resistant. (rC+) [White
                  | Draconian growth]
  4592 | D:6      | HP: 1/60 [iguana (12)]
  4594 | D:6      | Reached **** piety under Trog
  4594 | D:6      | Mangled by an iguana

Levels and vault maps discovered:
D:1:      dpeg_arrival_rooms_with_view, layout_basic,
          chequers_serial_rivers_micro_a, minmay_heptomino_w4
D:2:      minmay_razor_zed, layout_basic,
          chequers_temple_overflow_statue_of_worship, zin_purify,
          nicolae_ru_path_of_blood, first_ration, uniq_terence, uniq_sigmund
D:3:      minmay_inner_zag, layout_loops_ring,
          nemelex_xobeh_ov_fountains_minmay, lemuel_doored_altar, uniq_robin
D:4:      layout_rooms, gammafunk_ghost_arena
D:6:      layout_cave_pools, gammafunk_temple_overflow_elements, temple_statues,
          serial_column_ruins, column_ruins_square_huge, column_ruins_grid_1,
          column_ruins_grid_1, column_ruins_corridor_straight,
          column_ruins_grid_3, column_ruins_columns_dead_end, serial_shops,
          nicolae_shop_crystal

Skill      XL: |  1  2  3  4  5  6 |
---------------+-------------------+-----
Dodging        | 3 4 |  4.0
Fighting       | 4 |  4.9
Axes           | 4 5 6 |  6.0
Stealth        | 1 |  1.2
Shields        | 1 |  1.9
Polearms       | |  0.2

Action                   |  1- 3 |  4- 6 |  7- 9 || total
-------------------------+-------+-------+-------++-------
Melee: Hand axe          |   109 |   288 |     3 ||   400
       Tailslap          |     8 |    37 |       ||    45
       Scythe            |       |     9 |       ||     9
  Use: Scroll            |       |     5 |       ||     5
       Potion            |       |     1 |       ||     1
 Stab: Sleeping          |       |     1 |       ||     1
  Eat: Chunk             |     1 |     2 |       ||     3
       Ration            |       |     3 |       ||     3
Armor: Skin              |    28 |    87 |       ||   115
Dodge: Dodged            |    68 |   109 |     2 ||   179
Block: Shield            |       |   121 |     3 ||   124
